 Dungeon Crawl Stone Soup version 0.26-a0-962-g9b92081034 (webtiles) character file.

Game seed: 15703505418430794583

137 Gargoyl the Skirmisher (level 5, 0/47 HPs)
             Began as a Gnoll Abyssal Knight on Dec 2, 2020.
             Was a Follower of Lugonu.
             Slain by a fire bat (2 damage)
             ... on level 2 of the Abyss.
             The game lasted 00:01:09 (93 turns).

Gargoyl the Skirmisher (Gnoll Abyssal Knight)         Turns: 93, Time: 00:01:10

Health: 0/47       AC:  0    Str: 15    XL:     5   Next: 20%
Magic:  8/8        EV: 21    Int: 14    God:    Lugonu [*.....]
Gold:   92         SH:  0    Dex: 20    Spells: 6/6 levels left

rFire    . . .     SeeInvis .     - Unarmed
rCold    . . .     Faith    .   (shield currently unavailable)
rNeg     . . .     Spirit   .   (armour currently unavailable)
rPois    .         Reflect  .   (helmet currently unavailable)
rElec    .         Harm     .   (cloak currently unavailable)
rCorr    .         Rampage  .   (gloves currently unavailable)
MR       .....                  (boots currently unavailable)
Stlth    ++........             (no amulet)
HPRegen  0.15/turn              (ring currently unavailable)
MPRegen  0.11/turn              (ring currently unavailable)

@: bat-form, flying, very quick
A: tiny, distributed training, strong nose
a: Depart the Abyss, Renounce Religion


You were on level 2 of the Abyss.
You worshipped Lugonu.
Lugonu was aware of your devotion.
You were in bat-form.
You visited 0 branches of the dungeon, and saw 0 of its levels.
You visited the Abyss 1 time.

You collected 92 gold pieces.

Inventory:

Hand Weapons
 a - a +1 hand axe (melded)
Armour
 b - a +0 leather armour (melded)
Wands
 d - a wand of polymorph (5)


   Skills:
 + Level 6.6 Fighting
 + Level 1.4 Short Blades
 + Level 1.4 Long Blades
 + Level 4.7 Axes
 + Level 1.4 Maces & Flails
 + Level 1.4 Polearms
 + Level 1.4 Staves
 + Level 1.4 Slings
 + Level 1.4 Bows
 + Level 1.4 Crossbows
 + Level 1.4 Throwing
 + Level 4.7 Armour
 + Level 2.9 Dodging
 + Level 1.4 Stealth
 + Level 1.4 Shields
 + Level 1.4 Unarmed Combat
 + Level 1.4 Spellcasting
 + Level 1.1 Conjurations
 + Level 1.1 Hexes
 + Level 1.1 Summonings
 + Level 1.1 Necromancy
 + Level 1.1 Translocations
 + Level 1.1 Transmutations
 + Level 1.1 Fire Magic
 + Level 1.1 Ice Magic
 + Level 1.1 Air Magic
 + Level 1.1 Earth Magic
 + Level 1.1 Poison Magic
 + Level 4.8 Invocations
 + Level 1.4 Evocations


You had 6 spell levels left.
You didn't know any spells.
Your spell library was empty.

Dungeon Overview and Level Annotations

Branches:
Dungeon (0/15)

Altars:


Innate Abilities, Weirdness & Mutations

Your experience applies equally to all skills.
((You have very sharp teeth.))
Your uncanny sense of smell can sniff out nearby items.


Message History

You can't see any targets that would be affected.
Nothing appears to happen.
The fire bat bites you.
You are engulfed in flames!
* * * LOW HITPOINT WARNING * * *
Unknown command.
You aren't carrying any potions.
Aiming: Polymorph
Press: ? - help, Shift-Dir - straight line, f - you You can't see any targets that would be affected.
Nothing appears to happen.
The fire bat barely misses you.
You aren't carrying any potions.
As you read the scroll labelled NODDOQ ZUFOAS, it crumbles to dust.
You feel momentarily disoriented.
It was a scroll of magic mapping.
The fire bat bites you.
* * * LOW HITPOINT WARNING * * *
You are engulfed in flames.
* * * LOW HITPOINT WARNING * * *
Unknown command.
The fire bat barely misses you. The fire bat bites you.
You die...

.......
..).............
......§.#.....#..
....#
...###)....#.....##
#..#.#∩##....###.##.
#.....#.....#...###
#.....#.#.#........#
#.#........x.......
#.
##.........b.......
.#
##.#####.#b..##...
## # ###.#########
### ∆ ∆


You could see a small abomination and a fire bat.

Vanquished Creatures
  A fire bat (Abyss:2)
1 creature vanquished.

Notes
Turn   | Place    | Note
-------+----------+-------------------------------------------
     0 | Abyss:1  | Gargoyl the Gnoll Abyssal Knight began the quest for the
                  | Orb.
     0 | Abyss:1  | Reached XP level 1. HP: 23/23 MP: 3/3
    64 | Abyss:2  | Noticed a fire bat
    67 | Abyss:2  | Noticed a fire bat
    80 | Abyss:2  | Killed a fire bat
    81 | Abyss:2  | Reached skill level 1 in Short Blades
    81 | Abyss:2  | Reached skill level 1 in Long Blades
    81 | Abyss:2  | Reached skill level 1 in Maces & Flails
    81 | Abyss:2  | Reached skill level 1 in Polearms
    81 | Abyss:2  | Reached skill level 1 in Staves
    81 | Abyss:2  | Reached skill level 1 in Slings
    81 | Abyss:2  | Reached skill level 1 in Bows
    81 | Abyss:2  | Reached skill level 1 in Crossbows
    81 | Abyss:2  | Reached skill level 1 in Throwing
    81 | Abyss:2  | Reached skill level 1 in Stealth
    81 | Abyss:2  | Reached skill level 1 in Shields
    81 | Abyss:2  | Reached skill level 1 in Unarmed Combat
    81 | Abyss:2  | Reached skill level 1 in Spellcasting
    81 | Abyss:2  | Reached skill level 1 in Conjurations
    81 | Abyss:2  | Reached skill level 1 in Hexes
    81 | Abyss:2  | Reached skill level 1 in Summonings
    81 | Abyss:2  | Reached skill level 1 in Necromancy
    81 | Abyss:2  | Reached skill level 1 in Translocations
    81 | Abyss:2  | Reached skill level 1 in Transmutations
    81 | Abyss:2  | Reached skill level 1 in Fire Magic
    81 | Abyss:2  | Reached skill level 1 in Ice Magic
    81 | Abyss:2  | Reached skill level 1 in Air Magic
    81 | Abyss:2  | Reached skill level 1 in Earth Magic
    81 | Abyss:2  | Reached skill level 1 in Poison Magic
    81 | Abyss:2  | Reached skill level 1 in Evocations
    81 | Abyss:2  | Reached XP level 2. HP: 28/29 MP: 5/5
    81 | Abyss:2  | Reached XP level 3. HP: 34/35 MP: 6/6
    81 | Abyss:2  | Reached XP level 4. HP: 40/41 MP: 7/7
    81 | Abyss:2  | Reached XP level 5. HP: 46/47 MP: 8/8
    87 | Abyss:2  | Noticed a small abomination
    90 | Abyss:2  | HP: 2/47 [fire bat (5)]
    93 | Abyss:2  | Slain by a fire bat

Illustrated notes

Levels and vault maps discovered:
Abyss:2:  base: Temple, hangedman_abyss_monster_moat

Skill      XL: |  1 |
---------------+----+-----
Short Blades   | 1 |  1.4
Long Blades    | 1 |  1.4
Maces & Flails | 1 |  1.4
Polearms       | 1 |  1.4
Staves         | 1 |  1.4
Slings         | 1 |  1.4
Bows           | 1 |  1.4
Crossbows      | 1 |  1.4
Throwing       | 1 |  1.4
Stealth        | 1 |  1.4
Shields        | 1 |  1.4
Unarmed Combat | 1 |  1.4
Spellcasting   | 1 |  1.4
Conjurations   | 1 |  1.1
Hexes          | 1 |  1.1
Summonings     | 1 |  1.1
Necromancy     | 1 |  1.1
Translocations | 1 |  1.1
Transmutations | 1 |  1.1
Fire Magic     | 1 |  1.1
Ice Magic      | 1 |  1.1
Air Magic      | 1 |  1.1
Earth Magic    | 1 |  1.1
Poison Magic   | 1 |  1.1
Evocations     | 1 |  1.4
Fighting       | |  6.6
Axes           | |  4.7
Armour         | |  4.7
Dodging        | |  2.9
Invocations    | |  4.8

Action                   |  1- 3 |  4- 6 || total
-------------------------+-------+-------++-------
Melee: Hand axe          |    10 |     2 ||    12
Evoke: Wand              |     1 |     4 ||     5
  Use: Scroll            |       |     1 ||     1
Armor: Skin              |    22 |     1 ||    23
       Leather armour    |     1 |       ||     1
Dodge: Dodged            |     4 |     4 ||     8

Table legend: (Time is in decaauts)
 A = Elapsed time spent in this place.
 B = Non-inter-level travel time spent in this place.
 C = Inter-level travel time spent in this place.
 D = Time resting spent in this place.
 E = Time spent auto-exploring this place.
 F = Levels seen in this place.
 G = Mean time per level.
                   A        B        C        D        E       F      G
               +--------+--------+--------+--------+--------+-----+--------+
         Total |     92 |     92 |      0 |      0 |     56 |   2 |   46.0 |
         Abyss |     92 |     92 |      0 |      0 |     56 |   2 |   46.0 |
               +--------+--------+--------+--------+--------+-----+--------+

Top non-repeatable levels by time:
 Abyss:2: 49 daAuts
 Abyss:1: 43 daAuts
